 Dungeon Crawl Stone Soup version 0.21-a0-404-g291f19a (webtiles) character file.

39 KristoblXynda the Ducker (level 3, -5/18 HPs)
             Began as a Spriggan Gladiator on Oct 29, 2017.
             Slain by a worm (11 damage)
             ... on level 2 of the Dungeon.
             The game lasted 00:01:37 (1456 turns).

KristoblXynda the Ducker (Spriggan Gladiator)       Turns: 1456, Time: 00:01:38

Health: -5/18      AC:  2    Str:  9 (10) XL:     3   Next: 28%
Magic:  4/4        EV: 20    Int: 13 (15) God:
Gold:   131        SH:  0    Dex: 14 (17) Spells: 2/2 levels left

rFire    . . .     SeeInvis +   a - +0 long sword
rCold    . . .     Gourm    .   (shield restricted)
rNeg     . . .     Faith    .   b - +0 robe
rPois    .         Spirit   .   c - +0 hat
rElec    .         Reflect  .   (no cloak)
rCorr    .         Harm     .   (gloves unavailable)
MR       .....                  (boots unavailable)
Stlth    ++........             (no amulet)
HPRegen  0.06/turn              l - ring of wizardry
MPRegen  0.09/turn              (no ring)

@: brilliant, very quick
A: unfitting armour, see invisible, herbivore 3, speed 3, slow metabolism 2
a: no special abilities


You were on level 2 of the Dungeon.
You were not hungry.

You visited 1 branch of the dungeon, and saw 2 of its levels.

You collected 131 gold pieces.

Inventory:

Hand Weapons
 a - a +0 long sword (weapon)
Missiles
 d - 2 throwing nets (quivered)
Armour
 b - a +0 robe (worn)
 c - a +0 hat (worn)
Jewellery
 l - a ring of wizardry (left hand)
Scrolls
 e - a scroll of immolation {unknown}
 h - a scroll of identify {unknown}
 i - a scroll of magic mapping {unknown}
 k - a scroll of random uselessness {unknown}
 m - a scroll of remove curse {unknown}
Comestibles
 f - a bread ration


   Skills:
 - Level 1.5 Fighting
 * Level 3.1 Long Blades
 - Level 2.0 Throwing
 + Level 5.0 Dodging
 + Level 2.1 Stealth


You had 2 spell levels left.
You didn't know any spells.

Dungeon Overview and Level Annotations

Branches:
Dungeon (2/15)

Altars:


Innate Abilities, Weirdness & Mutations

You are very small and have problems with some larger weapons.
You are too small for most types of armour.
You have supernaturally acute eyesight. (SInv)
You are a herbivore.
You cover ground extremely quickly.
You need consume almost no food.


Message History

The goblin hits you but does no damage. The goblin completely misses you.
You riposte.
You barely miss the goblin.
The goblin is moderately wounded.
You barely miss the goblin.
The goblin is moderately wounded.
The goblin misses you.
You hit the goblin.
You kill the goblin!
Throwing (i - inventory):
d - 3 throwing nets (quivered)
Press: ? - help, Shift-Dir - straight line, f - worm
Aim: a worm You throw a throwing net.
The throwing net barely misses the worm.
The worm barely misses you.
You barely miss the worm. You hit the worm.
The worm is lightly wounded.
The worm bites you!
Ouch! That really hurt!
You die...

#.....................
#....................#
#.#..#.......=........
. #.##................
#. #.#......w.>...# #
#.##..........#.
##.###.###...### #
#..###.###.###
####.#.###...@w(#
.....#.##...########
.......#.##...........
..........##.########
.......#....#
...##...##.......
#..##.########.##
#..##.# #..##.######


You could see a worm.

Vanquished Creatures
  An ooze (D:1)
  2 dart slugs (D:1)
  2 leopard geckos
  A bat (D:2)
  2 giant cockroaches (D:1)
  6 goblins
  3 hobgoblins
  2 jackals (D:2)
  2 kobolds
  A frilled lizard (D:1)
  3 rats
25 creatures vanquished.

Notes
Turn   | Place    | Note
-------+----------+-------------------------------------------
     0 | D:1      | KristoblXynda the Spriggan Gladiator began the quest for the Orb.
     0 | D:1      | Reached XP level 1. HP: 10/10 MP: 2/2
   164 | D:1      | Reached skill level 1 in Stealth
   164 | D:1      | Reached XP level 2. HP: 5/14 MP: 3/3
  1357 | D:2      | Reached XP level 3. HP: 18/18 MP: 4/4
  1435 | D:2      | Reached skill level 5 in Dodging
  1456 | D:2      | Slain by a worm

Vault maps used:
D:1:      tarquinn_simple_flora_water_a
D:2:      st_stairs_6

Skill      XL: |  1  2  3 |
---------------+----------+-----
Stealth        | 1 2 |  2.1
Long Blades    | 3 |  3.1
Dodging        | 5 |  5.0
Fighting       | |  1.5
Throwing       | |  2.0

Action                   || total
-------------------------++-------
Melee: Long sword        ||    71
Throw: Throwing net      ||     1
  Use: Potion            ||     2
 Stab: Sleeping          ||     9
Armor: Robe              ||     7
Dodge: Dodged            ||    62
       Rpst.: Long sword ||    22

Table legend:
 A = Spawn XP
 B = Non-spawn XP
 C = Spawn XP percentage of total XP
 D = Spawn monster count
 E = Non-spawn monster count
 F = Spawn count percentage of total count
 G = Total turns spent on level
                    A         B        C        D         E        F      G
               +---------+---------+-------+---------+---------+-------+---------
         Total |       0 |      57 |   0.0 |       0 |      25 |   0.0 |  1456
               +---------+---------+-------+---------+---------+-------+---------
           D:1 |       0 |      39 |   0.0 |       0 |      16 |   0.0 |  1354
           D:2 |       0 |      18 |   0.0 |       0 |       9 |   0.0 |   102
               +---------+---------+-------+---------+---------+-------+---------
